 Dungeon Crawl Stone Soup version 0.31-a0-152-g6aa68a64a1 (webtiles) character file.

Game seed: 1721456832732262432

30 comborobin the Sneak (level 3, -1/22 HPs)
             Began as a Deep Elf Delver on June 10, 2023.
             Slain by a sky beast (6 damage)
             ... on level 6 of the Dungeon.
             The game lasted 00:00:27 (168 turns).

comborobin the Sneak (Deep Elf Delver)               Turns: 168, Time: 00:00:29

Health: -1/22      AC:  3    Str:  9    XL:     3   Next: 3%
Magic:  5/5        EV: 12    Int: 16    God:
Gold:   24         SH:  0    Dex: 16    Spells: 2/2 levels left

rFire   . . .        a - +0 short sword
rCold   . . .        (no shield)
rNeg    . . .        b - +0 leather armour
rPois   .            (no helmet)
rElec   .            (no cloak)
rCorr   .            (no gloves)
SInv    .            (no boots)
Will    .....        (no amulet)
Stlth   +++          (no ring)
HPRegen 0.23/turn    (no ring)
MPRegen 0.09/turn

%: no passive effects
@: hasted, very quick
A: no striking features
a: no special abilities


You were on level 6 of the Dungeon.
You visited 1 branch of the dungeon, and saw 2 of its levels.

You collected 24 gold pieces.

Inventory:

Hand Weapons
 a - a +0 short sword (weapon)
Armour
 b - a +0 leather armour (worn)
Wands
 g - a wand of digging (3)
 i - a wand of acid (5)
Scrolls
 c - a scroll of fog
 d - a scroll of magic mapping
 e - a scroll of fear
 h - a scroll of identify {unknown}


   Skills:
 - Level 2.4 Fighting
 + Level 3.5 Short Blades
 - Level 2.4 Dodging
 - Level 6.0 Stealth


You had 2 spell levels left.
You didn't know any spells.
Your spell library contained the following spells:

 Spells                   Type           Power      Damage    Failure   Level
 Stone Arrow              Conj/Erth      0%         3d7       71%         3
 Animate Armour           Summ/Erth      0%         N/A       98%         4
 Lehudib's Crystal Spear  Conj/Erth      0%         10d2      100%        8


Dungeon Overview and Level Annotations

Branches:
Dungeon (6/15)
 Temple: D:4-7

Altars:

Shops:
D:5 (


Message History

A hound comes into view.
Found a leather armour.
The helpless hound fails to defend itself.
You impale the hound!!
You kill the hound!
Your Short Blades skill increases to level 3!
You have reached level 2!
You have reached level 3!
Your experience leads to an increase in your attributes!
Increase (S)trength, (I)ntelligence, or (D)exterity?
You feel clever. x2
Found a stone staircase leading up.
h - a scroll labelled JIROSE TYTTUSCH
Found a stone staircase leading down.
You open the door. You open the door.
There is an open door here.
You now have 24 gold pieces (gained 12).
You open the door.
There is an open door here.
i - a wand of acid (5)
Found a long sword.
A sky beast comes into view.
The sky beast misses you.
You feel yourself speed up. The sky beast hits you. The sky beast shocks you.
You barely miss the sky beast.
The sky beast hits you but does no damage.
You hit the sky beast.
The sky beast is lightly wounded.
The sky beast hits you. The sky beast shocks you.
You barely miss the sky beast.
The sky beast is lightly wounded.
You hit the sky beast.
The sky beast is moderately wounded.
The sky beast flickers out of sight!
Deactivating autopickup; reactivate with Ctrl-A.
Something hits you.
* * * LOW HITPOINT WARNING * * *
Something shocks you.
You die...

##########
####........#
#...........#
#...........#
#..{@.......# ####
#.).........######...
#................#.##
+....................
#...........####.#.##
#...######'## #.#...
#.## #.# #.###. #.
#.# #^....
#.########..


There were no monsters in sight!

Vanquished Creatures
  A hound (D:6)
1 creature vanquished.

Notes
Turn   | Place    | Note
-------+----------+-------------------------------------------
     0 | D:5      | comborobin the Deep Elf Delver began the quest for the Orb.
     0 | D:5      | Reached XP level 1. HP: 13/13 MP: 3/3
    75 | D:6      | Noticed a hound
    82 | D:6      | Killed a hound
    83 | D:6      | Reached XP level 2. HP: 18/18 MP: 4/4
    83 | D:6      | Reached XP level 3. HP: 22/22 MP: 5/5
   159 | D:6      | Noticed a sky beast
   168 | D:6      | Slain by a sky beast

Illustrated notes

Levels and vault maps discovered:
D:5:      layout_rooms, serial_shops, shop, uniq_eustachio, uniq_blork_the_orc
D:6:      layout_basic

Skill      XL: |  1 |
---------------+----+-----
Short Blades   | 3 |  3.5
Fighting       | |  2.4
Dodging        | |  2.4
Stealth        | |  6.0

Action                     || total
---------------------------++-------
  Melee: Short sword       ||     5
    Use: Potion            ||     1
   Stab: Sleeping          ||     1
 Armour: Leather armour    ||     1
  Dodge: Dodged            ||     1

Table legend: (Time is in decaauts)
 A = Elapsed time spent in this place.
 B = Non-inter-level travel time spent in this place.
 C = Inter-level travel time spent in this place.
 D = Time resting spent in this place.
 E = Time spent auto-exploring this place.
 F = Levels seen in this place.
 G = Mean time per level.
                   A        B        C        D        E       F      G
               +--------+--------+--------+--------+--------+-----+--------+
         Total |    166 |    166 |      0 |      0 |    126 |   2 |   83.0 |
       Dungeon |    166 |    166 |      0 |      0 |    126 |   2 |   83.0 |
               +--------+--------+--------+--------+--------+-----+--------+

Top non-repeatable levels by time:
     D:6: 156 daAuts
     D:5: 10 daAuts
